 Dungeon Crawl Stone Soup version 0.24.1-11-gbbbb2193e6 (webtiles) character file.

Game seed: 13894571427406618362, levelgen mode: deterministic

15937 RaHiT the Frost Mage (level 12, -3/94 HPs)
             Began as a Yellow Draconian Ice Elementalist on May 12, 2020.
             Was a High Priest of Sif Muna.
             Killed from afar by an ice statue (22 damage)
             ... with a shard of ice
             ... in an ice cave on May 13, 2020.
             The game lasted 02:30:45 (13534 turns).

RaHiT the Frost Mage (DrIE)                        Turns: 13534, Time: 02:30:51

Health: -3/94      AC: 12    Str: 10    XL:     12   Next: 5%
Magic:  25/26      EV: 16    Int: 19    God:    Sif Muna [*****.]
Gold:   621        SH:  5    Dex: 12    Spells: 17/31 levels left

rFire    + . .     SeeInvis .   b - +3 hunting sling
rCold    . . .     Gourm    .   L - +0 buckler
rNeg     . . .     Faith    .   (armour unavailable)
rPois    .         Spirit   .   t - +1 hat
rElec    .         Reflect  .   y - +1 cloak {+Inv}
rCorr    +         Harm     .   A - +0 pair of gloves
MR       .....                  (no boots)
Stlth    ++........             N - amulet of regeneration
HPRegen  0.65/turn              S - +2 ring of evasion
MPRegen  0.20/turn              I - ring of protection from fire

@: very slightly contaminated, hasted and slowed
A: spit acid, unfitting armour, weak 1, cold-blooded, acid resistance, AC +8
a: Breathe Acid, Channel Magic, Forget Spell, Divine Exegesis, Renounce
Religion, Evoke Invisibility


You were in an ice cave.
You worshipped Sif Muna.
Sif Muna was extremely pleased with you.
You were not hungry.

You visited 3 branches of the dungeon, and saw 14 of its levels.
You also visited: Ice Cave.

You collected 621 gold pieces.

Inventory:

Hand Weapons
 a - a +1 whip of flaming
 b - a +3 hunting sling (weapon)
 m - a +4 falchion
 Q - a +4 dagger of freezing
 T - a +4 hand axe
Missiles
 e - 355 stones
 g - 7 curare-tipped darts
 j - 20 javelins
 k - 32 bolts
 p - 35 sling bullets (quivered)
 v - 7 boomerangs
 B - 38 poisoned darts
 C - 4 datura-tipped darts
Armour
 t - a +1 hat (worn)
 y - a +1 cloak of invisibility (worn)
 A - a +0 pair of gloves (worn)
 L - a +0 buckler (worn)
Jewellery
 x - an uncursed ring of poison resistance {unknown}
 I - a ring of protection from fire (right hand)
 N - an amulet of regeneration (around neck)
 S - a +2 ring of evasion (left hand)
 Z - an uncursed ring of wizardry
Wands
 E - a wand of clouds (6)
 J - a wand of acid (10)
 M - a wand of polymorph (11)
 P - a wand of iceblast (4)
 W - a wand of digging (6)
Scrolls
 i - 3 scrolls of magic mapping
 o - 5 scrolls of blinking
 q - a scroll of enchant weapon
 u - 3 scrolls of teleportation
 z - 7 scrolls of remove curse
 O - a scroll of amnesia {unknown}
 V - a scroll of fog
Potions
 c - 2 potions of heal wounds
 d - 3 potions of curing
 f - 5 potions of might
 h - 3 potions of berserk rage
 n - 2 potions of haste
 r - 2 potions of cancellation
 s - a potion of magic {unknown}
 D - 2 potions of flight
 F - 3 potions of lignification
 G - a potion of agility {unknown}
 H - a potion of mutation {unknown}
 K - a potion of ambrosia {unknown}
 R - a potion of brilliance {unknown}
 U - a potion of resistance
Comestibles
 l - 19 rations
 w - 21 chunks of flesh


   Skills:
 - Level 5.0 Fighting
 - Level 5.0 Dodging
 - Level 2.0 Stealth
 - Level 5.0 Shields
 - Level 10.0 Spellcasting
 - Level 1.0 Conjurations
 - Level 4.0 Charms
 - Level 3.0 Summonings
 - Level 3.1 Necromancy
 - Level 10.0 Ice Magic
 + Level 8.5 Evocations


You had 17 spell levels left.
You knew the following spells:

 Your Spells              Type           Power        Failure   Level  Hunger
a - Freeze                Ice            ####         1%          1    None
b - Ozocubu's Armour      Chrm/Ice       #####...     1%          3    None
c - Summon Ice Beast      Ice/Summ       ####....     4%          4    ##.....
d - Throw Icicle          Conj/Ice       ####....     8%          4    ##.....
e - Apportation           Tloc           #.....       8%          1    None
f - Animate Skeleton      Necr           N/A          1%          1    None

Your spell library contained the following spells:

 Spells                   Type           Power        Failure   Level  Hunger
 Throw Frost              Conj/Ice       ####..       1%          2    None
 Summon Small Mammal      Summ           ###.         2%          1    None
 Confusing Touch          Hex            #.....       8%          1    None


Dungeon Overview and Level Annotations

Branches:
Dungeon (12/15)            Temple (1/1) D:7            Lair (1/6) D:8
    Orc (0/2) D:10          IceCv (1/1)

Altars:
Ashenzari
Cheibriados
Dithmenos
Fedhas
Gozag
Hepliaklqana
Nemelex Xobeh
Okawaru
Ru
Sif Muna
Vehumet
Wu Jian

Shops:
D:4 %=}*   D:7 ?   D:10 !   D:11 =

Annotations:
D:7 2 runed translucent doors, exclusion: orange crystal statue IceCv 1 transporter, exclusion: 2 ice statues


Innate Abilities, Weirdness & Mutations

You can spit globs of acid.
Your golden yellow scales are hard. (AC +8)
You cannot fit into any form of body armour.
You are cold-blooded and may be slowed by cold attacks.
You are resistant to acid. (rCorr)
You are weak. (Str -2)


Message History

Found a transporter.
You see here a scroll labeled JAOC XOEPAUKAO.
O - a scroll labeled JAOC XOEPAUKAO The ice statue gestures at you.
The bolt of cold misses you.
The bolt of cold hits the ice beast.
The ice beast completely resists.
The white ugly thing misses you.
The ice statue gestures.
The white ugly thing tentacle-slaps you.
The white ugly thing freezes you!!
You feel yourself slow down.
* * * LOW HITPOINT WARNING * * *
You block the ice beast's attack.
Blink to where?
Press: ? - help, Dir - move target cursor You are very lightly contaminated with residual magic.
As you read the scroll of blinking, it crumbles to dust.
The ice statue gestures at you. The shard of ice misses you.
The ice statue gestures at you. The shard of ice hits you!!
You die...

#####
###...####
##........##
#..........##
#...........##
#.8..8.......#
#[...........#
#@).?.Yu.©.∩.#
#?.)..§Y.....#
#.8..8.......#
#...Y.......##
#..........##
##........##
###...####
#####


You could see 2 ice statues, a white ugly thing and 3 ice beasts.

Vanquished Creatures
  A two-headed ogre (D:8)
  Erica (D:8)
  4 unseen horrors
  Pikel (D:6)
  2 centaur zombies (D:11)
  A gargoyle (D:12)
  2 rime drakes (Lair:1)
  2 trolls (D:12)
  Prince Ribbit (D:5)
  A hornet (D:8)
  Sigmund (D:3)
  A spriggan (D:7)
  A wraith (D:10)
  4 wyverns
  3 yaks (D:11)
  A steam dragon (D:11)
  Grum (Lair:1)
  3 ice beasts
  An orc warrior (D:10)
  3 sky beasts
  3 ogres
  3 black bears
  2 phantoms
  4 wolves (Lair:1)
  4 centaurs
  5 bullfrogs
  A big kobold (D:8)
  A scorpion (D:7)
  5 wights
  5 killer bees
  A howler monkey (D:9)
  An electric eel (D:9)
  4 crimson imps
  A bullfrog zombie (D:7)
  9 hounds
  A jelly (D:9)
  Crazy Yiuf (D:3)
  2 orc priests
  2 centaur skeletons
  6 iguanas
  6 orc wizards
  3 worker ants
  A howler monkey zombie (D:8)
  A worker ant zombie (D:6)
  5 gnolls
  9 adders
  A shadow imp (D:6)
  An adder zombie (D:6)
  5 worms
  3 dart slugs
  2 leopard geckos
  20 orcs
  6 bats
  3 giant cockroaches
  7 goblins
  14 hobgoblins
  17 jackals
  4 quokkas
  3 ball pythons
  13 frilled lizards
  3 jackal skeletons
  14 kobolds
  A leopard gecko skeleton (D:6)
  A leopard gecko zombie (D:6)
  13 rats
252 creatures vanquished.

Vanquished Creatures (collateral kills)
  3 hydras
  2 ugly things
  A centaur skeleton (D:9)
  A kobold demonologist (D:9)
  A troll (D:10)
  A hippogriff (D:12)
  2 yaks (D:11)
  A shadow (D:12)
  A wraith (D:11)
  5 hungry ghosts
  An acid dragon (D:12)
  A porcupine (D:8)
  2 orc warriors
  2 ice beasts
  A sky beast (D:10)
  A slave (D:6)
  2 black bears (D:8)
  4 wolves (Lair:1)
  3 ogres
  Blork the orc (D:5)
  4 bullfrogs
  2 big kobolds
  3 scorpions
  2 killer bees (D:10)
  4 wights
  2 howler monkeys (D:9)
  A crimson imp (D:5)
  2 quasits (D:9)
  An orc priest (D:9)
  4 orc wizards
  A gnoll shaman (D:4)
  A bullfrog skeleton (D:12)
  A hound (D:11)
  A jelly (D:10)
  An iguana (D:8)
  A worker ant (D:5)
  A hound skeleton (D:9)
  A worker ant zombie (D:7)
  2 gnolls (D:4)
  4 adders
  A shadow imp (D:9)
  An adder zombie (D:10)
  An adder skeleton (D:9)
  A worm (D:4)
  20 orcs
  6 jackals
  7 kobolds
112 creatures vanquished.

Vanquished Creatures (others)
  An adder (D:6)
  3 fungi
4 creatures vanquished.

Grand Total: 368 creatures vanquished

Notes
Turn   | Place    | Note
-------+----------+-------------------------------------------
     0 | D:1      | RaHiT the Draconian Ice Elementalist began the quest for
                  | the Orb.
     0 | D:1      | Reached XP level 1. HP: 14/14 MP: 3/3
   177 | D:1      | Reached XP level 2. HP: 12/20 MP: 1/5
   633 | D:1      | Reached XP level 3. HP: 26/26 MP: 4/7
  1027 | D:2      | Found a shadowy altar of Dithmenos.
  1027 | D:2      | Found a sparkling altar of Nemelex Xobeh.
  1029 | D:2      | Found a hazy altar of Hepliaklqana.
  1106 | D:2      | Reached XP level 4. HP: 33/33 MP: 6/8
  1120 | D:2      | Learned a level 3 spell: Ozocubu's Armour
  1254 | D:2      | Found an opulent altar of Gozag.
  1257 | D:2      | Found a radiant altar of Vehumet.
  1594 | D:3      | Noticed Sigmund
  1614 | D:3      | Killed Sigmund
  1614 | D:3      | Reached skill level 5 in Spellcasting
  1614 | D:3      | Reached XP level 5. HP: 22/38 MP: 9/12
  1734 | D:3      | Reached XP level 6. HP: 40/45 MP: 13/13
  2127 | D:3      | Learned a level 4 spell: Summon Ice Beast
  2132 | D:3      | Learned a level 4 spell: Throw Icicle
  2134 | D:3      | Learned a level 1 spell: Apportation
  2136 | D:3      | Learned a level 1 spell: Animate Skeleton
  2579 | D:3      | Found a faded altar of an unknown god.
  2686 | D:3      | Found a runed translucent door.
  2687 | D:3      | Noticed Crazy Yiuf
  2701 | D:3      | Killed Crazy Yiuf
  2701 | D:3      | Reached skill level 5 in Ice Magic
  2949 | D:4      | Reached skill level 1 in Summonings
  2955 | D:4      | Found Fofaum's General Store.
  3089 | D:4      | Found a blossoming altar of Fedhas.
  3166 | D:4      | Found Lubuneiq's Gadget Shop.
  3221 | D:4      | Your scales start taking on a golden yellow colour.
  3221 | D:4      | Reached XP level 7. HP: 50/50 MP: 14/14
  3221 | D:4      | Gained mutation: You are resistant to acid. (rCorr) [Yellow
                  | Draconian growth]
  3333 | D:4      | Reached skill level 1 in Charms
  3366 | D:4      | Found Xos Axt's Jewellery Emporium.
  3367 | D:4      | Found Rotsery's Food Shop.
  3640 | D:5      | Entered Level 5 of the Dungeon
  3846 | D:5      | Noticed Prince Ribbit
  3871 | D:5      | Killed Prince Ribbit
  3882 | D:5      | Noticed Blork the orc
  3914 | D:5      | Reached skill level 1 in Necromancy
  3914 | D:5      | Reached XP level 8. HP: 47/57 MP: 13/15
  3928 | D:5      | Killed Blork the orc
  4454 | D:5      | Reached skill level 1 in Fighting
  4462 | D:5      | Got a bloodstained whip
  4463 | D:5      | Identified the cursed +3 whip "Dragonslayer" {drain, -Tele
                  | *Contam Str+8 Dex+4} (You found it on level 5 of the
                  | Dungeon)
  4505 | D:5      | Gained mutation: You are weak. (Str -2) [mutagenic glow]
  5069 | D:6      | Found a snail-covered altar of Cheibriados.
  5069 | D:6      | Found an iron altar of Okawaru.
  5610 | D:6      | Noticed Pikel
  5673 | D:6      | Killed Pikel
  5673 | D:6      | Reached XP level 9. HP: 63/72 MP: 3/16
  5969 | D:7      | Found a snail-covered altar of Cheibriados.
  5996 | D:7      | Found a staircase to the Ecumenical Temple.
  6008 | Temple   | Entered the Ecumenical Temple
  6012 | Temple   | Became a worshipper of Sif Muna the Loreminder
  6102 | D:7      | Found Akkodin's Magic Scroll Boutique.
  6250 | D:7      | Reached skill level 5 in Dodging
  6275 | D:7      | Found a runed translucent door.
  6280 | D:7      | Noticed an orange crystal statue
  6282 | D:7      | Found the +10 large shield of Ignorance {rN+ Int-4}
  6510 | D:7      | Found a runed translucent door.
  6718 | D:7      | Reached * piety under Sif Muna
  6726 | D:7      | Reached skill level 1 in Shields
  6936 | D:8      | Noticed Erica
  6937 | D:8      | Noticed a two-headed ogre
  7082 | D:8      | Killed Erica
  7324 | D:8      | Killed a two-headed ogre
  7324 | D:8      | Reached XP level 10. HP: 80/80 MP: 4/17
  7742 | D:8      | Paralysed by a hornet for 1 turns
  7747 | D:8      | Paralysed by a hornet for 3 turns
  7783 | D:8      | Found a staircase to the Lair.
  7970 | D:9      | Reached skill level 5 in Shields
  8131 | D:9      | Reached ** piety under Sif Muna
  9387 | D:10     | Entered Level 10 of the Dungeon
  9535 | D:10     | Found Gonnefut's Distillery.
  9535 | D:10     | You fall into a shaft and drop 2 floors!
  9536 | D:12     | Noticed an eight-headed hydra
  9582 | D:12     | Reached skill level 5 in Fighting
  9635 | D:11     | Noticed an eight-headed hydra
  9805 | D:11     | Found Yweluts's Jewellery Shoppe.
  9858 | D:11     | Reached *** piety under Sif Muna
  9865 | D:11     | Reached skill level 10 in Ice Magic
  9927 | D:11     | Killed an unseen horror
  9927 | D:11     | Reached XP level 11. HP: 54/86 MP: 2/22
 10576 | D:10     | Reached skill level 5 in Evocations
 10939 | D:10     | Reached **** piety under Sif Muna
 11037 | D:10     | Found a staircase to the Orcish Mines.
 11166 | D:11     | Noticed a white ugly thing
 11206 | D:10     | Killed a purple ugly thing
 11321 | D:11     | Found Zazet's Gadget Shoppe.
 11598 | D:11     | Killed an unseen horror
 11810 | D:11     | Killed an eight-headed hydra
 12389 | D:12     | Killed an eight-headed hydra
 12472 | D:12     | Noticed a white ugly thing
 12482 | D:12     | Killed a white ugly thing
 12539 | D:12     | Killed an unseen horror
 12801 | D:12     | Reached skill level 10 in Spellcasting
 12843 | D:12     | Noticed a six-headed hydra
 12856 | D:12     | Killed a six-headed hydra
 13059 | D:12     | Killed an unseen horror
 13308 | Lair:1   | Entered Level 1 of the Lair of Beasts
 13315 | Lair:1   | Noticed Grum
 13327 | Lair:1   | Killed Grum
 13342 | Lair:1   | Reached ***** piety under Sif Muna
 13360 | Lair:1   | Reached XP level 12. HP: 86/94 MP: 26/26
 13393 | Lair:1   | Found a frozen archway.
 13508 | IceCv    | Entered an ice cave
 13518 | IceCv    | Found a transporter.
 13530 | IceCv    | Found a transporter.
 13534 | IceCv    | Killed from afar by an ice statue

Levels and vault maps discovered:
D:1:      matt_arrival_los_fun, layout_basic
D:2:      layout_rooms, nicolae_overflow_hidden_temple, minmay_three_crescents
D:3:      layout_loops_corners, chequers_ecumenical_altar_grove, uniq_sigmund,
          uniq_crazy_yiuf_cottage
D:4:      layout_basic, fedhas_altar_3, serial_shops, shop, shop, shop, shop
D:5:      minmay_razor_zed, layout_basic, first_ration, hangedman_decor_points,
          uniq_blork_the_orc, uniq_prince_ribbit1
D:6:      layout_basic, amethyst_overflow_temple_binary, uniq_pikel
D:7:      layout_basic, minmay_temple_entry_tees, serial_shops,
          kennysheep_mini_moat, basic_altar, the_bakery,
          chequers_guarded_unrand_ignorance
D:8:      layout_basic, grunt_lair_entry_orc_guard_hut, uniq_erica
D:9:      layout_layer_cave, kennysheep_cross_room
D:10:     layout_irregular_city, hiddenorc1_lemuel, serial_shops, shop_fountains
D:11:     layout_loops_ring, serial_shops, shop, nicolae_shop_behind_doors
D:12:     layout_loops_corners
Temple:   zaba_magenta_temple
Lair:1:   layout_roguey, portal_ice_cave_rime, lemuel_fruit_tree, uniq_grum
IceCv:    ice_cave_statue_garden_transporter

Skill      XL: |  1  2  3  4  5  6  7  8  9 10 11 |
---------------+----------------------------------+-----
Stealth        | 2 |  2.0
Dodging        | 2 4 5 |  5.0
Spellcasting   | 3 5 7 10 | 10.0
Ice Magic      | 4 5 9 10 | 10.0
Summonings     | 2 3 |  3.0
Charms         | 3 4 |  4.0
Evocations     | 3 4 8 |  8.5
Necromancy     | 1 3 |  3.1
Fighting       | 4 5 |  5.0
Shields        | 4 5 |  5.0
Conjurations   | |  1.0

Action                   |  1- 3 |  4- 6 |  7- 9 | 10-12 || total
-------------------------+-------+-------+-------+-------++-------
Melee: Unarmed           |    18 |       |       |       ||    18
       Tailslap          |     1 |       |     8 |    25 ||    34
       Whip              |       |       |   117 |   138 ||   255
       Hand axe          |       |       |     6 |       ||     6
       Dagger            |       |       |       |    62 ||    62
       Hunting sling     |       |       |       |     1 ||     1
 Fire: Hunting sling     |    38 |   141 |   201 |   198 ||   578
Throw: Stone             |    19 |       |       |       ||    19
       Javelin           |       |       |     9 |       ||     9
       Dart              |       |       |    21 |    11 ||    32
       Boomerang         |       |       |       |     1 ||     1
 Cast: Freeze            |    43 |    37 |    68 |   110 ||   258
       Animate Skeleton  |       |     2 |    14 |    57 ||    73
       Summon Ice Beast  |       |     1 |    18 |    62 ||    81
       Ozocubu's Armour  |       |       |    11 |    19 ||    30
       Throw Icicle      |       |       |       |    10 ||    10
       Apportation       |       |       |       |     4 ||     4
 Abil: Breathe Acid      |       |       |     6 |    20 ||    26
       Evoke Invisibilit |       |       |       |     1 ||     1
Evoke: Wand              |       |       |       |     3 ||     3
  Use: Scroll            |       |     8 |     7 |    10 ||    25
       Potion            |       |       |       |     1 ||     1
 Stab: Distracted        |       |       |       |     1 ||     1
  Eat: Chunk             |     1 |     7 |    12 |    16 ||    36
       Ration            |       |       |     2 |     5 ||     7
Armor: Skin              |    14 |    20 |    68 |   166 ||   268
Dodge: Dodged            |    48 |    45 |   156 |   285 ||   534
Block: Buckler           |       |       |       |    98 ||    98
